 Dungeon Crawl Stone Soup version 0.32-a0-909-gc671339a80 (webtiles) character file.

Game seed: 1617645398750552892

154 Heh the Slasher (level 5, -6/38 HPs)
             Began as a Coglin Gladiator on Apr 7, 2024.
             Mangled by a gnoll
             ... wielding a +0 halberd
              (12 damage)
             ... on level 3 of the Dungeon.
             The game lasted 00:04:09 (1562 turns).

Heh the Slasher (Coglin Gladiator)                  Turns: 1562, Time: 00:04:09

Health: -6/38      AC:  5    Str: 14    XL:     5   Next: 36%
Magic:  5/5        EV: 11    Int:  7    God:
Gold:   135        SH:  0    Dex: 18    Spells: 4/4 levels left

rFire   . . .        a - +0 long sword {Appia}
rCold   . . .        f - +0 dagger {Seojun}
rNeg    . . .        b - +0 leather armour
rPois   .            c - +0 helmet
rElec   .            (no cloak)
rCorr   .            p - +0 pair of gloves
SInv    .            (no boots)
Will    .....        (amulet unavailable)
Stlth   +            (ring unavailable)
HPRegen 0.26/turn    (ring unavailable)
MPRegen 0.09/turn    (no gizmo)

%: no passive effects
@: revved
A: off-hand wielding, slow wielding, warmup strikes, no jewellery
a: Invent Gizmo


You were on level 3 of the Dungeon.
You visited 1 branch of the dungeon, and saw 3 of its levels.

You collected 135 gold pieces.

Inventory:

Hand Weapons
 a - a +0 long sword (weapon) {Appia}
 f - a +0 dagger (offhand) {Seojun}
Missiles
 d - 3 throwing nets (quivered)
 e - a javelin
Armour
 b - a +0 leather armour (worn)
 c - a +0 helmet (worn)
 g - a +0 chain mail
 p - a +0 pair of gloves (worn)
Scrolls
 h - 2 scrolls of enchant weapon {unknown}
 i - 3 scrolls of identify {unknown}
 j - a scroll of silence {unknown}
 m - a scroll of teleportation {unknown}
Potions
 k - a potion of might {unknown}
 l - a potion of curing
 n - 2 potions of lignification {unknown}
 o - a potion of heal wounds {unknown}
 q - a potion of magic {unknown}


   Skills:
 - Level 2.0 Fighting
 + Level 5.9 Long Blades
 - Level 1.7 Throwing
 - Level 2.6 Dodging


You had 4 spell levels left.
You didn't know any spells.
Your spell library contained the following spells:

 Spells                   Type           Power      Damage    Failure   Level
 Scorch                   Fire           0%         2d5       65%         2
 Flame Wave               Conj/Fire      0%         2d4       99%         4
 Summon Cactus Giant      Summ           0%         N/A       100%        6


Dungeon Overview and Level Annotations

Branches:
Dungeon (3/15)

Altars:


Innate Abilities, Weirdness & Mutations

You can wield a second weapon in your off-hand.
It takes a long time for you to wield or remove held weapons.
Your first few attacks do less damage.
You cannot equip rings or amulets.


Message History

You are poisoned.
The adder poisons you! The gnoll hits you with a +0 club.
The gnoll hits you from afar with a +0 halberd!
The gnoll hits you from afar with a +0 spear.
The adder bites you.
You are more poisoned.
The adder poisons you!
It was a potion of curing.
You feel better. The gnoll hits you with a +0 club. The gnoll misses you.
The gnoll closely misses you. The gnoll barely misses you. The adder bites you.
Things that are here:
7 gold pieces; a +0 club; a gnoll corpse The adder bites you but does no damage.
The adder attacks as it pursues you! The adder misses you.
You hit the adder with your +0 long sword.
The adder is severely wounded.
You hit the adder with your +0 dagger. The adder bites you but does no damage.
You hit the adder with your +0 long sword.
You kill the adder!
You hit the gnoll but do no damage. You hit the gnoll with your +0 dagger.
The gnoll hits you with a +0 whip. The gnoll hits you but does no damage.
The gnoll barely misses you.
You feel better.
The gnoll hits you from afar with a +0 spear.
The gnoll closely misses you. The gnoll hits you with a +0 club.
The gnoll closely misses you.
You barely miss the gnoll with your +0 long sword.
The gnoll is lightly wounded.
You closely miss the gnoll with your +0 dagger.
The gnoll hits you from afar with a +0 spear.
* * * LOW HITPOINT WARNING * * *
The gnoll barely misses you. x2
The gnoll hits you from afar with a +0 halberd.
* * * LOW HITPOINT WARNING * * *
You feel better.
The gnoll hits you from afar with a +0 spear.
* * * LOW HITPOINT WARNING * * *
The gnoll hits you but does no damage. x2
The gnoll hits you from afar with a +0 halberd!
You die...

#...........#
###.#.........#
..$...$.......##
.....!...g......
....!....g....#
#.......# ...#..g##
#####.
.......gg##......
.....##..g@.......
... ###......... ..>
###.##...... #.
##...# ......
#.##..### ..... #.#
#.....####......
#.####..............
#.##......####......
#.#......## .


You could see 4 gnolls.

Vanquished Creatures
  Jessica (D:2)
  4 gnolls
  3 adders
  2 ribbon worms
  5 orcs (D:3)
  6 bats
  2 endoplasms
  3 giant cockroaches
  3 goblins
  4 hobgoblins
  4 jackals (D:2)
  A quokka (D:1)
  5 ball pythons
  3 frilled lizards
  7 kobolds
  4 rats
57 creatures vanquished.

Notes
Turn   | Place    | Note
-------+----------+-------------------------------------------
     0 | D:1      | Heh the Coglin Gladiator began the quest for the Orb.
     0 | D:1      | Reached XP level 1. HP: 16/16 MP: 1/1
    73 | D:1      | Reached XP level 2. HP: 22/22 MP: 2/2
   165 | D:1      | Found a faded altar of an unknown god.
   196 | D:1      | Reached skill level 4 in Long Blades
   287 | D:1      | Reached XP level 3. HP: 26/27 MP: 3/3
   624 | D:2      | Noticed Jessica
   633 | D:2      | Killed Jessica
   634 | D:2      | Reached XP level 4. HP: 21/33 MP: 4/4
   738 | D:2      | Reached skill level 5 in Long Blades
  1393 | D:3      | Reached XP level 5. HP: 37/38 MP: 5/5
  1562 | D:3      | Mangled by a gnoll

Illustrated notes

Levels and vault maps discovered:
D:1:      dpeg_arrival_connections, layout_rooms,
          shapermc_ecumenical_altar_pompeii, corexii_leaking_fountain
D:2:      layout_basic, uniq_jessica
D:3:      layout_rooms, mainiacjoe_overflow_paths

Skill      XL: |  1  2  3  4 |
---------------+-------------+-----
Long Blades    | 4 5 |  5.9
Fighting       | |  2.0
Throwing       | |  1.7
Dodging        | |  2.6

Action                     |  1- 3 |  4- 6 || total
---------------------------+-------+-------++-------
  Melee: Dagger            |    57 |    63 ||   120
         Long sword        |    60 |    59 ||   119
    Use: Potion            |       |     3 ||     3
   Stab: Sleeping          |       |     1 ||     1
 Armour: Leather armour    |    43 |    62 ||   105
  Dodge: Dodged            |    44 |    55 ||    99

Table legend: (Time is in decaauts)
 A = Elapsed time spent in this place.
 B = Non-inter-level travel time spent in this place.
 C = Inter-level travel time spent in this place.
 D = Time resting spent in this place.
 E = Time spent auto-exploring this place.
 F = Levels seen in this place.
 G = Mean time per level.
                   A        B        C        D        E       F      G
               +--------+--------+--------+--------+--------+-----+--------+
         Total |   1564 |   1522 |     42 |      0 |   1180 |   3 |  521.3 |
       Dungeon |   1564 |   1522 |     42 |      0 |   1180 |   3 |  521.3 |
               +--------+--------+--------+--------+--------+-----+--------+

Top non-repeatable levels by time:
     D:2: 915 daAuts
     D:1: 425 daAuts
     D:3: 223 daAuts
